APL (24 & UNDER)
BEAVERTON BRONZE SOULS @ DETROIT DIRTY SNOW
04/19/2027
 
TOP OF THE 1ST
Beaverton Bronze Souls batting - Pitching for Detroit Dirty Snow : RHP Dave Funk
Pitching: RHP Dave Funk
Batting: RHB Juan Becerra 0-0: Ball
1-0: Fly out, F9 (Line Drive, 9)
Batting: SHB Dawson Fowler 0-0: Bunted foul
0-1: Foul Ball, location: 2F
0-2: Foul Ball, location: 2F
0-2: Ball
1-2: Ball
2-2: Foul Ball, location: 2F
2-2: SINGLE (Groundball, 34D)
Batting: LHB Chance Santry 0-0: Ball
1-0: Ball
2-0: Foul Ball, location: 2F
2-1: Ball
3-1: Swinging Strike
3-2: Base on Balls
Dawson Fowler to second
Batting: RHB Carlos Guevara 0-0: Swinging Strike
0-1: Called Strike
0-2: Strikes out swinging
Batting: RHB Tom Hughes 0-0: Foul Ball, location: 2F
0-1: Called Strike
0-2: Foul Ball, location: 2F
0-2: Foul Ball, location: 2F
0-2: Ball
1-2: Ball
2-2: Ground out 6-3 (Groundball, 6S)
Top of the 1st over - 0 run(s), 1 hit(s), 0 error(s), 2 left on base; Beaverton 0 - Detroit 0
BOTTOM OF THE 1ST
Detroit Dirty Snow batting - Pitching for Beaverton Bronze Souls : RHP David Peterson
Pitching: RHP David Peterson
Batting: RHB Carlos Rocha 0-0: Fly out, F9 (Flyball, 9LM)
Batting: RHB Cristo Souza 0-0: Ball
1-0: SINGLE (Line Drive, 4MD)
Batting: LHB Eric Powell 0-0: Ball
1-0: Swinging Strike
1-1: Foul Ball, location: 2F
1-2: Ball
2-2: Ball
3-2: SINGLE (Groundball, 4MD)
Cristo Souza to second
Batting: SHB Cristián López 0-0: Ball
1-0: Called Strike
1-1: Grounds into double play, 4-6-3 (Groundball, 4)
Bottom of the 1st over - 0 run(s), 2 hit(s), 0 error(s), 1 left on base; Beaverton 0 - Detroit 0
TOP OF THE 2ND
Beaverton Bronze Souls batting - Pitching for Detroit Dirty Snow : RHP Dave Funk
Batting: RHB David Kerr 0-0: Ball
1-0: Hit by Pitch
Batting: RHB José Dávila 0-0: Called Strike
0-1: Ball
1-1: Called Strike
1-2: Ball
2-2: Foul Ball, location: 2F
2-2: Ball
3-2: Base on Balls
David Kerr to second
Batting: SHB Alberto Sandoval 0-0: Ball
1-0: Foul Ball, location: 2F
1-1: Called Strike
1-2: Foul Ball, location: 2F
1-2: Ball
Wild Pitch!
David Kerr to third
José Dávila to second
2-2: Foul Ball, location: 2F
2-2: DOUBLE (Line Drive, 9LM)
David Kerr scores
José Dávila scores
Batting: RHB Carlos Carrillo 0-0: Called Strike
0-1: Swinging Strike
0-2: Ball
1-2: Fly out, F5 (Line Drive, 56)
Batting: RHB Juan Becerra 0-0: Ball
1-0: Swinging Strike
1-1: DOUBLE (Line Drive, 7LM)
Alberto Sandoval scores
Batting: SHB Dawson Fowler 0-0: Called Strike
0-1: Ball
1-1: Ball
2-1: SINGLE (Line Drive, 9S)
Juan Becerra to third
Throwing error, E9
Juan Becerra scores
Dawson Fowler to second
Batting: LHB Chance Santry 0-0: Called Strike
0-1: Ball
1-1: Ball
2-1: Ball
3-1: Foul Ball, location: 2F
3-2: Foul Ball, location: 2F
3-2: Foul Ball, location: 2F
3-2: Hit by Pitch
Batting: RHB Carlos Guevara 0-0: Called Strike
0-1: Foul Ball, location: 2F
0-2: Strikes out swinging
Pitching: RHP Vaughan Horne
Batting: RHB Tom Hughes 0-0: Ball
1-0: Called Strike
1-1: Ball
2-1: Ground out 1-3 (Groundball, 13S)
Top of the 2nd over - 4 run(s), 3 hit(s), 1 error(s), 2 left on base; Beaverton 4 - Detroit 0
BOTTOM OF THE 2ND
Detroit Dirty Snow batting - Pitching for Beaverton Bronze Souls : RHP David Peterson
Batting: RHB Paul Liddle 0-0: Called Strike
0-1: Foul Ball, location: 2F
0-2: Ball
1-2: Reached on error, E6 (Groundball, 6)
Batting: RHB Carlos Salas 0-0: Ball
1-0: Called Strike
1-1: Ball
2-1: Called Strike
2-2: Ground out 6-3 (Groundball, 6)
Batting: RHB Charlie O'Farrell 0-0: SINGLE (Groundball, 6MD)
Paul Liddle to third
Runner from 3rd tries for Home, SAFE, throw made home
Charlie O'Farrell to second
Batting: RHB Jorge López 0-0: Ball
1-0: SINGLE (Groundball, 6D)
Charlie O'Farrell to third
Batting: RHB Phil Wright 0-0: Grounds into double play, 6-4-3 (Groundball, 6M)
Bottom of the 2nd over - 1 run(s), 2 hit(s), 1 error(s), 1 left on base; Beaverton 4 - Detroit 1
TOP OF THE 3RD
Beaverton Bronze Souls batting - Pitching for Detroit Dirty Snow : RHP Vaughan Horne
Batting: RHB David Kerr 0-0: Ball
1-0: Ball
2-0: Called Strike
2-1: Ball
3-1: SINGLE (Groundball, 56D)
Batting: RHB José Dávila 0-0: Ball
1-0: Swinging Strike
1-1: Foul Ball, location: 2F
1-2: Ground out 3-1 (Groundball, 23)
David Kerr to second
Batting: SHB Alberto Sandoval 0-0: Called Strike
0-1: Ball
1-1: Ball
2-1: SINGLE (Flyball, 78S)
David Kerr to third
Batting: RHB Carlos Carrillo 0-0: Called Strike
0-1: Ball
1-1: Grounds into double play, 5-4-3 (Groundball, 5L)
Top of the 3rd over - 0 run(s), 2 hit(s), 0 error(s), 1 left on base; Beaverton 4 - Detroit 1
BOTTOM OF THE 3RD
Detroit Dirty Snow batting - Pitching for Beaverton Bronze Souls : RHP David Peterson
Batting: RHB Carlos Rocha 0-0: Ground out 4-3 (Groundball, 4)
Batting: RHB Cristo Souza 0-0: Ball
1-0: Called Strike
1-1: Ball
2-1: Swinging Strike
2-2: Ball
3-2: Base on Balls
Batting: LHB Eric Powell 0-0: Ball
1-0: Called Strike
1-1: Called Strike
1-2: Strikes out looking
Batting: SHB Cristián López 0-0: Foul Ball, location: 2F
0-1: Fielders Choice at 2nd, 6-4 (Groundball, 6)
Bottom of the 3rd over - 0 run(s), 0 hit(s), 0 error(s), 0 left on base; Beaverton 4 - Detroit 1
TOP OF THE 4TH
Beaverton Bronze Souls batting - Pitching for Detroit Dirty Snow : RHP Vaughan Horne
Batting: RHB Juan Becerra 0-0: Ball
1-0: Swinging Strike
1-1: Ball
2-1: Foul Ball, location: 2F
2-2: Foul Ball, location: 2F
2-2: Foul Ball, location: 2F
2-2: Ball
3-2: DOUBLE (Line Drive, 7LM)
Batting: SHB Dawson Fowler 0-0: Ball
1-0: Ball
2-0: Ball
3-0: Called Strike
3-1: Base on Balls
Batting: LHB Chance Santry 0-0: DOUBLE (Flyball, 7D)
Juan Becerra scores
Dawson Fowler to third
Batting: RHB Carlos Guevara 0-0: Ball
1-0: Ball
2-0: Ball
3-0: Called Strike
3-1: Base on Balls
Batting: RHB Tom Hughes 0-0: Called Strike
0-1: Ball
1-1: Foul Ball, location: 2F
1-2: Strikes out looking
Batting: RHB David Kerr 0-0: Called Strike
0-1: Ball
1-1: Ball
2-1: Foul Ball, location: 2F
2-2: Ball
3-2: Strikes out swinging
Batting: RHB José Dávila 0-0: Called Strike
0-1: Ball
1-1: SINGLE (Line Drive, 89S)
Dawson Fowler scores
Chance Santry to third
Carlos Guevara to second
Runner from 3rd tries for Home, SAFE, throw made home
Carlos Guevara to third
José Dávila to second
Batting: SHB Alberto Sandoval 0-0: Ball
1-0: Called Strike
1-1: Fly out, F8 (Flyball, 8LD)
Top of the 4th over - 3 run(s), 3 hit(s), 0 error(s), 2 left on base; Beaverton 7 - Detroit 1
BOTTOM OF THE 4TH
Detroit Dirty Snow batting - Pitching for Beaverton Bronze Souls : RHP David Peterson
Batting: RHB Paul Liddle 0-0: Ball
1-0: Swinging Strike
1-1: Ground out 3-1 (Groundball, 34)
Batting: RHB Carlos Salas 0-0: Foul Ball, location: 2F
0-1: Ground out 5-3 (Groundball, 56S)
Batting: RHB Charlie O'Farrell 0-0: Foul Ball, location: 2F
0-1: Called Strike
0-2: Foul Ball, location: 2F
0-2: Ball
1-2: Ground out 4-3 (Groundball, 34D)
Bottom of the 4th over - 0 run(s), 0 hit(s), 0 error(s), 0 left on base; Beaverton 7 - Detroit 1
TOP OF THE 5TH
Beaverton Bronze Souls batting - Pitching for Detroit Dirty Snow : RHP Vaughan Horne
Batting: RHB Carlos Carrillo 0-0: Ball
1-0: Ball
2-0: Ball
3-0: Called Strike
3-1: Base on Balls
Batting: RHB Juan Becerra 0-0: Swinging Strike
0-1: Ball
1-1: Foul Ball, location: 2F
1-2: SINGLE (Line Drive, 89S)
Carlos Carrillo to second
Batting: SHB Dawson Fowler 0-0: Ball
1-0: Ball
2-0: Ball
3-0: Foul Ball, location: 2F
3-1: Called Strike
3-2: SINGLE (Groundball, 4MD)
Carlos Carrillo to third
Juan Becerra to second
Runner from 3rd tries for Home, SAFE, throw made home
Juan Becerra to third
Dawson Fowler to second
Pitching: LHP Alonso Pineda
Batting: LHB Chance Santry 0-0: Called Strike
0-1: Foul Ball, location: 2F
0-2: Ball
1-2: Foul Ball, location: 2F
1-2: Ball
2-2: Foul Ball, location: 2F
2-2: Foul Ball, location: 2F
2-2: Ball
3-2: Base on Balls
Batting: RHB Carlos Guevara 0-0: Foul Ball, location: 2F
0-1: SINGLE (Line Drive, 4D)
Juan Becerra scores
Dawson Fowler to third
Chance Santry to second
Batting: RHB Tom Hughes 0-0: Ball
1-0: Fly out, F4 (Popup, 4D)
Batting: RHB David Kerr 0-0: Fly out, F3 (Popup, 3L)
Batting: RHB José Dávila 0-0: Fly out, F8 (Flyball, 8LM)
Top of the 5th over - 2 run(s), 3 hit(s), 0 error(s), 3 left on base; Beaverton 9 - Detroit 1
BOTTOM OF THE 5TH
Detroit Dirty Snow batting - Pitching for Beaverton Bronze Souls : RHP David Peterson
Batting: RHB Jorge López 0-0: Ball
1-0: DOUBLE (Line Drive, 78M)
Batting: RHB Phil Wright 0-0: Ball
1-0: Ball
2-0: Ball
3-0: Base on Balls
Batting: RHB Carlos Rocha 0-0: Ball
1-0: Foul Ball, location: 2F
1-1: Ball
Wild Pitch!
Jorge López to third
Phil Wright to second
2-1: Called Strike
2-2: Strikes out looking
Batting: RHB Cristo Souza 0-0: Called Strike
0-1: Fly out, F4 (Popup, 34D)
Batting: LHB Eric Powell 0-0: Ball
1-0: Ball
2-0: Ball
3-0: Called Strike
3-1: Base on Balls
Batting: SHB Cristián López 0-0: Ball
1-0: Called Strike
1-1: Ball
2-1: Foul Ball, location: 2F
2-2: Ball
3-2: SINGLE (Line Drive, 4MD)
Jorge López scores
Phil Wright to third
Eric Powell to second
Phil Wright scores
Eric Powell to third
Pitching: LHP Ramón Rodríguez
Batting: RHB Paul Liddle 0-0: Called Strike
0-1: Called Strike
Pickoff Throw to First - Out!
Bottom of the 5th over - 2 run(s), 2 hit(s), 0 error(s), 0 left on base; Beaverton 9 - Detroit 3
TOP OF THE 6TH
Beaverton Bronze Souls batting - Pitching for Detroit Dirty Snow : LHP Alonso Pineda
Batting: SHB Alberto Sandoval 0-0: Called Strike
0-1: Ball
1-1: Called Strike
1-2: Ball
2-2: Strikes out looking
Batting: RHB Carlos Carrillo 0-0: Called Strike
0-1: Ball
1-1: SINGLE (Groundball, 56D)
Batting: RHB Juan Becerra 0-0: Foul Ball, location: 2F
0-1: Called Strike
0-2: Ball
1-2: Foul Ball, location: 2F
1-2: Foul Ball, location: 2F
1-2: Foul Ball, location: 2F
1-2: Ball
2-2: Foul Ball, location: 2F
2-2: Foul Ball, location: 2F
2-2: Foul Ball, location: 2F
2-2: Ball
3-2: Strikes out swinging
Batting: SHB Dawson Fowler 0-0: Called Strike
0-1: Ball
1-1: Foul Ball, location: 2F
1-2: Foul Ball, location: 2F
1-2: Ball
2-2: Ball
Carlos Carrillo steals 2nd base
3-2: Ground out 5-3 (Groundball, 56)
Top of the 6th over - 0 run(s), 1 hit(s), 0 error(s), 1 left on base; Beaverton 9 - Detroit 3
BOTTOM OF THE 6TH
Detroit Dirty Snow batting - Pitching for Beaverton Bronze Souls : LHP Ramón Rodríguez
Batting: RHB Paul Liddle 0-0: Ball
1-0: Ball
2-0: Foul Ball, location: 2F
2-1: Ball
3-1: Fly out, F4 (Flyball, 34D)
Batting: RHB Carlos Salas 0-0: Called Strike
0-1: Foul Ball, location: 2F
0-2: Strikes out looking
Batting: RHB Charlie O'Farrell 0-0: Ball
1-0: Ball
2-0: Ball
3-0: Base on Balls
Batting: RHB Jorge López 0-0: Fly out, F8 (Flyball, 8RM)
Bottom of the 6th over - 0 run(s), 0 hit(s), 0 error(s), 1 left on base; Beaverton 9 - Detroit 3
TOP OF THE 7TH
Beaverton Bronze Souls batting - Pitching for Detroit Dirty Snow : LHP Alonso Pineda
Batting: LHB Chance Santry 0-0: Foul Ball, location: 2F
0-1: Ground out 4-3 (Groundball, 34)
Batting: RHB Carlos Guevara 0-0: Foul Ball, location: 2F
0-1: Called Strike
0-2: Ball
1-2: SINGLE (Groundball, 56D)
Batting: RHB Tom Hughes 0-0: Ground out 4-3 (Groundball, 34)
Carlos Guevara to second
Batting: RHB David Kerr 0-0: Ball
1-0: Ball
2-0: Fly out, F7 (Line Drive, 7)
Top of the 7th over - 0 run(s), 1 hit(s), 0 error(s), 1 left on base; Beaverton 9 - Detroit 3
BOTTOM OF THE 7TH
Detroit Dirty Snow batting - Pitching for Beaverton Bronze Souls : LHP Ramón Rodríguez
Batting: RHB Phil Wright 0-0: Ball
1-0: Foul Ball, location: 2F
1-1: Fly out, F3 (Popup, 3L)
Batting: RHB Carlos Rocha 0-0: Ball
1-0: Foul Ball, location: 2F
1-1: Ball
2-1: SINGLE (Flyball, 7LS)
Batting: RHB Cristo Souza 0-0: Ball
1-0: Fly out, F9 (Flyball, 9LSF)
Batting: LHB Eric Powell 0-0: Ball
1-0: Ball
2-0: Ball
3-0: Base on Balls
Carlos Rocha to second
Batting: SHB Cristián López 0-0: 3-RUN HOME RUN (Line Drive, 7D), Distance : 379 ft
Pitching: RHP Ben Hepworth
Batting: RHB Paul Liddle 0-0: Called Strike
0-1: Ball
1-1: Called Strike
1-2: Strikes out looking
Bottom of the 7th over - 3 run(s), 2 hit(s), 0 error(s), 0 left on base; Beaverton 9 - Detroit 6
TOP OF THE 8TH
Beaverton Bronze Souls batting - Pitching for Detroit Dirty Snow : LHP Alonso Pineda
Pitching: RHP Carl Thomas
Batting: RHB José Dávila 0-0: Ball
1-0: Called Strike
1-1: Fly out, F4 (Popup, 34D)
Batting: SHB Alberto Sandoval 0-0: Ball
1-0: Foul Ball, location: 2F
1-1: Called Strike
1-2: Strikes out swinging
Batting: RHB Carlos Carrillo 0-0: Ball
1-0: SOLO HOME RUN (Flyball, 7D), Distance : 384 ft
Batting: RHB Juan Becerra 0-0: Foul Ball, location: 2F
0-1: Ball
1-1: Called Strike
1-2: Foul Ball, location: 2F
1-2: Foul Ball, location: 2F
1-2: Ball
2-2: Strikes out swinging
Top of the 8th over - 1 run(s), 1 hit(s), 0 error(s), 0 left on base; Beaverton 10 - Detroit 6
BOTTOM OF THE 8TH
Detroit Dirty Snow batting - Pitching for Beaverton Bronze Souls : RHP Ben Hepworth
Batting: RHB Carlos Salas 0-0: Called Strike
0-1: Foul Ball, location: 2F
0-2: Strikes out swinging
Batting: RHB Charlie O'Farrell 0-0: Ball
1-0: Foul Ball, location: 2F
1-1: Ball
2-1: Ground out 4-3 (Groundball, 4MS)
Batting: RHB Jorge López 0-0: Called Strike
0-1: Swinging Strike
0-2: Strikes out swinging
Bottom of the 8th over - 0 run(s), 0 hit(s), 0 error(s), 0 left on base; Beaverton 10 - Detroit 6
TOP OF THE 9TH
Beaverton Bronze Souls batting - Pitching for Detroit Dirty Snow : RHP Carl Thomas
Batting: SHB Dawson Fowler 0-0: Ball
1-0: Ball
2-0: Fly out, F4 (Popup, 4)
Batting: LHB Chance Santry 0-0: Fly out, F8 (Flyball, 8LD)
Batting: RHB Carlos Guevara 0-0: Ground out 6-3 (Groundball, 6M)
Top of the 9th over - 0 run(s), 0 hit(s), 0 error(s), 0 left on base; Beaverton 10 - Detroit 6
BOTTOM OF THE 9TH
Detroit Dirty Snow batting - Pitching for Beaverton Bronze Souls : RHP Ben Hepworth
Pitching: LHP Mike Stevens
Batting: RHB Phil Wright 0-0: Ground out 3-1 (Groundball, 34S)
Batting: RHB Carlos Rocha 0-0: Called Strike
0-1: Called Strike
0-2: Foul Ball, location: 2F
0-2: Ball
1-2: Strikes out swinging
Batting: RHB Cristo Souza 0-0: Called Strike
0-1: Foul Ball, location: 2F
0-2: Hit by Pitch
Batting: LHB Eric Powell 0-0: Swinging Strike
0-1: Ball
1-1: Fly out, F8 (Flyball, 8LM)
Bottom of the 9th over - 0 run(s), 0 hit(s), 0 error(s), 1 left on base; Beaverton 10 - Detroit 6
Thursday, March 30th, 2017 - OOTP Baseball 17.12 Build 75